[Event "Titled Tuesday Blitz November 07 Late 2023"]
[White "MKlose11"]
[Black "Bauman_Guy"]
[WhiteElo "2717"]
[BlackElo "2905"]
[Result "1/2-1/2"]
[Round "6"]
[TimeControl "180+1"]
[Date "2023.11.07"]
[WhiteClock "0:00:09"]
[BlackClock "0:00:20"]
[Board "27"]

1. e4 c5 2. Nc3 d6 3. g3 g6 4. d3 Bg7 5. Bg2 Nc6 6. Be3 Nd4 7. Qd2 Rb8 8. Nd1 b5 9. c3 Nc6 10. Ne2 b4 11. O-O Ba6 12. f4 e6 13. f5 Nf6 14. fxe6 fxe6 15. Nf4 Qe7 16. Bh3 Bc8 17. Nf2 O-O 18. Ne2 e5 19. Bxc8 Rfxc8 20. c4 Qe6 21. Bg5 Rf8 22. Nd1 Nd4 23. Ne3 Qh3 24. Bxf6 Bxf6 25. Nxd4 exd4 26. Nd5 Be5 27. Qe2 h5 28. Rxf8+ Rxf8 29. Rf1 Rxf1+ 30. Qxf1 Qe6 31. b3 Kg7 32. Qf3 a5 33. Kg2 Qe8 34. Nc7 Qd7 35. Nd5 Qc6 36. h4 a4 37. g4 axb3 38. axb3 Qe8 39. gxh5 gxh5 40. Qf5 Qg6+ 41. Qxg6+ Kxg6 42. Kf3 Kf7 43. Nc7 Bf6 44. Kg3 Be5+ 45. Kh3 Kg6 46. Nd5 Kf7 47. Kg2 Ke6 48. Kh3 Kf7 49. Nc7 Bf6 50. Nb5 Be7 51. Nc7 Kg6 52. Nd5 Bf6 53. Nf4+ Kh6 54. Nd5 Be5 55. Ne7 Kg7 56. Nf5+ Kg6 57. Kg2 Kf6 58. Kf3 Kg6 59. Ng3 Bf6 60. Nf5 Be5 61. Kg2 Bf4 62. Kh3 Be5 1/2-1/2


[Site "https://www.chess.com"]

[Event "Titled Tuesday Blitz November 07 Late 2023"]
[White "Salinas Herrera, Pablo"]
[Black "Skvortsov, Andrei"]
[WhiteFideId "3407128"]
[BlackFideId "24108600"]
[WhiteElo "2889"]
[BlackElo "2678"]
[Result "1-0"]
[Round "6"]
[TimeControl "180+1"]
[Date "2023.11.07"]
[WhiteClock "0:01:05"]
[BlackClock "0:00:00"]
[Board "28"]

1. d4 g6 2. e4 Bg7 3. Nf3 e6 4. h4 h6 5. Be3 d5 6. e5 Nd7 7. c3 c5 8. Nbd2 b6 9. h5 g5 10. Nh2 Ne7 11. Bd3 Nf5 12. Ng4 Nxe3 13. fxe3 f5 14. exf6 Nxf6 15. Bg6+ Kd7 16. Ne5+ Kc7 17. Nf7 Qe7 18. Nxh8 Bxh8 19. O-O Ba6 20. Rf2 Rf8 21. Qa4 Kb7 22. b4 Ng4 23. Rxf8 Qxf8 24. Nf3 b5 25. Qd1 cxb4 26. cxb4 Qxb4 27. Rb1 Qc3 28. Rb3 Nxe3 29. Qb1 Qc4 30. Rxe3 Bxd4 31. Nxd4 Qxd4 32. Qd3 Qc5 33. Kh2 b4 34. Qd2 Qd6+ 35. Kg1 Qf4 36. Qf2 Qd4 37. Rxe6 Qa1+ 38. Re1 Qc3 39. Re7+ Kc6 40. Be8+ Kd6 41. Rd7+ Kc6 42. Rxa7+ 1-0


[Site "https://www.chess.com"]

[Event "Titled Tuesday Blitz November 07 Late 2023"]
[White "Perske, Thore"]
[Black "mind1mover"]
[WhiteFideId "12902195"]
[WhiteElo "2650"]
[BlackElo "2838"]
[Result "0-1"]
[Round "6"]
[TimeControl "180+1"]
[Date "2023.11.07"]
[WhiteClock "0:00:33"]
[BlackClock "0:00:17"]
[Board "29"]

1. e4 Nc6 2. Nf3 d6 3. g3 Nf6 4. d3 e6 5. Bg2 d5 6. O-O dxe4 7. dxe4 Qxd1 8. Rxd1 Nxe4 9. Na3 Bxa3 10. bxa3 Bd7 11. Bb2 f6 12. Nd4 Nd6 13. Nb3 Rd8 14. Nc5 Bc8 15. Bxc6+ bxc6 16. a4 Kf7 17. f4 Nc4 18. Bc3 Ne3 19. Rdc1 Nd5 20. Ba5 h6 21. Rf1 Ne3 22. Rf2 Nd5 23. Re1 Nb6 24. Rfe2 Rhe8 25. Kf2 Rd5 26. Bb4 a5 27. c4 Nxc4 28. Rc1 Nb6 29. Bxa5 Nxa4 30. Nxa4 Rxa5 31. Nc5 Ba6 32. Rd2 Bc8 33. h4 e5 34. fxe5 Rxe5 35. Nd3 Rf5+ 36. Kg2 Rfd5 37. Rxc6 Rd7 38. Kf2 Rad5 39. Ke3 Re7+ 40. Kf2 Bf5 41. Rc3 Red7 42. Ke3 Rd4 43. Rd1 c5 44. Rxc5 Rxd3+ 45. Rxd3 Bxd3 46. a4 g5 47. a5 Kg6 48. hxg5 hxg5 49. Kf3 Bf5 50. Ke3 Rd3+ 51. Kf2 Ra3 52. Kg2 Ra2+ 53. Kf3 Ra3+ 54. Kf2 Bg4 55. Kg2 Ra2+ 56. Kf1 Ra1+ 57. Kf2 Ra2+ 58. Kf1 Bf3 59. Rc3 g4 60. Rc5 Kf7 61. Ke1 Ke6 62. Kf1 f5 63. Ke1 f4 64. gxf4 g3 65. Rg5 g2 66. Rg3 Kf5 67. a6 Kxf4 68. Rg8 Ra1+ 69. Kd2 g1=Q 70. Rxg1 Rxg1 71. Kc3 Ra1 72. Kb4 Rxa6 73. Kc5 Rh6 74. Kd4 Rh5 75. Kc3 Rh4 76. Kd2 Rg4 77. Kc3 Rg3 78. Kd2 Rg2+ 79. Kc3 Re2 80. Kd3 Re4 81. Kc3 Ke5 82. Kd3 Bg4 83. Kc3 Bf5 84. Kd3 Rd4+ 85. Kc3 Kd5 86. Kb3 Rc4 87. Kb2 Be6 88. Kb3 Kc5 89. Kb2 Kd4 90. Kb3 Rc7+ 91. Kb2 Rc8 92. Kb1 Rb8+ 93. Kc1 Kd3 94. Kd1 Rb1# 0-1


[Site "https://www.chess.com"]

[Event "Titled Tuesday Blitz November 07 Late 2023"]
[White "Rustemov, Alexander"]
[Black "Tologon tegin, Semetei"]
[WhiteFideId "4119002"]
[BlackFideId "13800574"]
[WhiteElo "2811"]
[BlackElo "2598"]
[Result "1-0"]
[Round "6"]
[TimeControl "180+1"]
[Date "2023.11.07"]
[WhiteClock "0:00:07"]
[BlackClock "0:00:00"]
[Board "30"]

1. d4 Nf6 2. c4 Nc6 3. Nf3 d5 4. cxd5 Nxd5 5. e4 Nb6 6. d5 Nb4 7. Nc3 Bg4 8. a3 Bxf3 9. gxf3 Na6 10. Bb5+ Nd7 11. Be3 Nb8 12. O-O c6 13. dxc6 bxc6 14. Ba4 e6 15. f4 Be7 16. Qf3 O-O 17. Rfd1 Qc7 18. Rac1 Nb6 19. Bb3 N8d7 20. e5 Qb7 21. Bc2 Nd5 22. Na4 g6 23. Qe4 Rfc8 24. Qc4 N7b6 25. Nxb6 axb6 26. Be4 Bf8 27. Kg2 Bh6 28. Kg3 b5 29. Qe2 Ra4 30. Qf3 Qe7 31. Rc2 g5 32. Bxd5 gxf4+ 33. Kg2 exd5 34. Qg4+ Qg5 35. Qxg5+ Bxg5 36. Bc5 Rc4 37. Rxc4 bxc4 38. Kf3 f6 39. e6 Re8 40. e7 Kf7 41. a4 f5 42. a5 Bxe7 43. Bxe7 Rxe7 44. Ra1 Ra7 45. Kxf4 Kf6 46. a6 h6 47. Ra5 Ke6 48. Ke3 Ke5 49. f4+ Kd6 50. Kd4 h5 51. h4 c5+ 52. Rxc5 Rxa6 53. Rxd5+ Ke6 54. Re5+ Kf6 55. Kxc4 Ra2 56. Re2 Ra1 57. b4 Rf1 58. b5 Rxf4+ 59. Kc5 Rxh4 60. b6 Rg4 61. Re8 Rg1 62. b7 Rb1 63. b8=Q Rxb8 64. Rxb8 Kg5 65. Kd4 Kg4 66. Ke3 1-0


[Site "https://www.chess.com"]

[Event "Titled Tuesday Blitz November 07 Late 2023"]
[White "Kozak, Antoni"]
[Black "Roebers, Eline"]
[WhiteFideId "21832030"]
[BlackFideId "1058401"]
[WhiteElo "2807"]
[BlackElo "2638"]
[Result "1-0"]
[Round "6"]
[TimeControl "180+1"]
[Date "2023.11.07"]
[WhiteClock "0:01:14"]
[BlackClock "0:00:56"]
[Board "31"]

1. e4 c5 2. Nf3 e6 3. g3 Nc6 4. Bg2 Nf6 5. Qe2 e5 6. O-O d6 7. c3 Be7 8. Rd1 O-O 9. h3 h6 10. d4 cxd4 11. cxd4 exd4 12. Nxd4 Nxd4 13. Rxd4 Bd7 14. Nc3 Rc8 15. Bf4 Qb6 16. Rad1 Be6 17. Bxd6 Bxd6 18. Rxd6 Qb4 19. e5 Ne8 20. R6d4 Qb6 21. a3 Nc7 22. Rb4 Qc5 23. Rxb7 Rfd8 24. Re1 Bc4 25. Qe3 Ne6 26. Qxc5 Nxc5 27. Rxa7 Rd2 28. b4 Nb3 29. Ra8 Rxa8 30. Bxa8 Rc2 31. Ne4 Nd4 32. Rd1 Nf3+ 33. Kg2 Nxe5 34. Rd8+ Kh7 35. Nf6+ 1-0


[Site "https://www.chess.com"]

[Event "Titled Tuesday Blitz November 07 Late 2023"]
[White "Roberson, Peter T"]
[Black "Holt, Conrad"]
[WhiteFideId "412384"]
[BlackFideId "2034387"]
[WhiteElo "2590"]
[BlackElo "2807"]
[Result "1-0"]
[Round "6"]
[TimeControl "180+1"]
[Date "2023.11.07"]
[WhiteClock "0:00:02"]
[BlackClock "0:00:00"]
[Board "32"]

1. e4 e6 2. d4 d5 3. exd5 exd5 4. h3 Bd6 5. Nf3 Nf6 6. Bd3 O-O 7. O-O Nbd7 8. Re1 c5 9. dxc5 Nxc5 10. Nc3 h6 11. Be3 Re8 12. Qd2 Nce4 13. Bxe4 dxe4 14. Rad1 exf3 15. Qxd6 Qxd6 16. Rxd6 Bf5 17. gxf3 Bxc2 18. Rc1 Bf5 19. Bxh6 Bxh3 20. Bg5 Nh7 21. Be3 Re5 22. Nd5 Nf8 23. Rc7 b6 24. Ne7+ Kh8 25. Nc6 Rf5 26. Rxa7 Rxa7 27. Nxa7 Ne6 28. Rxb6 Rxf3 29. a4 Rf6 30. a5 Rg6+ 31. Kh2 Bf1 32. Nc6 Nc7 33. Nd4 Rg2+ 34. Kh1 Rg4 35. b4 Bd3 36. Kh2 Rh4+ 37. Kg3 Rh5 38. f3 Nd5 39. Rb8+ Kh7 40. Bd2 Rh1 41. b5 Rd1 42. Bg5 Rg1+ 43. Kf2 Rxg5 44. a6 Rh5 45. a7 Rh2+ 46. Kg3 Ra2 47. a8=Q Rxa8 48. Rxa8 Nc7 49. b6 Nxa8 50. b7 Nb6 51. b8=Q Nc4 52. Qa7 f6 53. f4 Nd6 54. Qd7 Ne4+ 55. Kh2 Nc5 56. Qd5 Ne4 57. Nf5 Bc2 58. Qf7 1-0


[Site "https://www.chess.com"]

[Event "Titled Tuesday Blitz November 07 Late 2023"]
[White "Troff, Kayden"]
[Black "Toropov, Pavel"]
[WhiteFideId "2047896"]
[BlackFideId "24129178"]
[WhiteElo "2804"]
[BlackElo "2581"]
[Result "0-1"]
[Round "6"]
[TimeControl "180+1"]
[Date "2023.11.07"]
[WhiteClock "0:00:15"]
[BlackClock "0:00:12"]
[Board "33"]

1. d4 d5 2. Nf3 Nf6 3. Bf4 c5 4. e3 Nc6 5. Nc3 a6 6. dxc5 e6 7. Na4 Ne4 8. Bd3 Qa5+ 9. c3 Nxc5 10. Nxc5 Qxc5 11. O-O g6 12. e4 Bg7 13. b4 Qxc3 14. Rc1 Qxb4 15. a3 Qxa3 16. exd5 exd5 17. Re1+ Be6 18. Ng5 O-O 19. Rb1 b5 20. Re3 Qe7 21. h4 Nd4 22. h5 Qf6 23. g3 Bf5 24. hxg6 hxg6 25. Kg2 Bxd3 26. Qxd3 Nf5 27. Re5 Bh6 28. Rxd5 Bxg5 29. Be5 Qe6 30. Rh1 Bf6 31. Bf4 Bg7 32. g4 Ne7 33. Rg5 Rfd8 34. Qh3 Rd5 35. Qh7+ Kf8 36. f3 Rxg5 37. Bxg5 Qe2+ 38. Kg3 Qe5+ 39. Bf4 Qd4 40. Re1 Re8 41. Re4 Qg1+ 42. Kh3 Qh1+ 43. Bh2 Qxf3+ 44. Bg3 Qxe4 45. Qh4 Qh1+ 46. Bh2 Qf3+ 47. Bg3 Be5 48. Qh6+ Kg8 49. Kh2 Qxg3+ 50. Kh1 Qh2+ 51. Qxh2 Bxh2 52. Kg2 Nd5 53. Kh3 Nf6 54. Kh4 Nxg4 55. Kg5 b4 56. Kxg4 b3 57. Kg5 b2 58. Kf6 b1=Q 59. Kg5 Qb5+ 60. Kh4 Re4+ 61. Kh3 Qd3+ 62. Kg2 Re2+ 63. Kh1 Qd1# 0-1


[Site "https://www.chess.com"]

[Event "Titled Tuesday Blitz November 07 Late 2023"]
[White "JackRodgers"]
[Black "Brodsky, David"]
[BlackFideId "2073250"]
[WhiteElo "2519"]
[BlackElo "2803"]
[Result "0-1"]
[Round "6"]
[TimeControl "180+1"]
[Date "2023.11.07"]
[WhiteClock "0:00:03"]
[BlackClock "0:01:03"]
[Board "34"]

1. d4 Nf6 2. Bg5 Ne4 3. h4 d5 4. Nd2 Bf5 5. Nxe4 Bxe4 6. f3 h6 7. Bf4 Bh7 8. e3 e6 9. Bd3 Bxd3 10. Qxd3 c5 11. dxc5 Bxc5 12. Bxb8 Qa5+ 13. c3 Rxb8 14. b4 Qb6 15. bxc5 Qb2 16. Rb1 Qxg2 17. c6 Qxh1 18. Kf1 O-O 19. c7 Rbc8 20. Rxb7 Qh2 21. f4 Qxa2 22. Qd4 a5 23. Ne2 a4 24. Ra7 Qb3 25. Qxa4 Qxa4 26. Rxa4 Rxc7 27. Kf2 g6 28. Kf3 h5 29. e4 dxe4+ 30. Kxe4 Rd8 31. Ke3 Kg7 32. Ke4 Kf6 33. Ke3 Rd5 34. Ke4 Rd6 35. Ke3 e5 36. fxe5+ Kxe5 37. Ra5+ Rd5 38. Ra4 f6 39. Re4+ Kd6 40. Ra4 g5 41. Kf2 Re5 42. Ra6+ Rc6 43. Rxc6+ Kxc6 44. Nd4+ Kd5 45. Nf3 Rf5 46. Ke3 Rxf3+ 47. Kxf3 Kc4 0-1


[Site "https://www.chess.com"]

[Event "Titled Tuesday Blitz November 07 Late 2023"]
[White "Jamal-Jamal-Jamal"]
[Black "Maksimovic, Bojan"]
[BlackFideId "14408120"]
[WhiteElo "2366"]
[BlackElo "2732"]
[Result "0-1"]
[Round "6"]
[TimeControl "180+1"]
[Date "2023.11.07"]
[WhiteClock "0:01:45"]
[BlackClock "0:00:23"]
[Board "35"]

1. e4 c5 2. Nf3 e6 3. d4 cxd4 4. Nxd4 a6 5. c4 Nf6 6. Nc3 Qc7 7. a3 b6 8. f4 Bb7 9. Bd3 Nc6 10. Nxc6 Qxc6 11. Qe2 Bc5 12. Be3 h5 13. Bxc5 Qxc5 14. O-O-O b5 15. cxb5 axb5 16. Bxb5 Bxe4 17. Bxd7+ Ke7 18. Bb5 Rxa3 19. Bd3 Rb8 20. Bxe4 Rxc3+ 21. bxc3 Qxc3+ 22. Qc2 Qe3+ 23. Rd2 Nxe4 24. Rd1 Qa3+ 25. Qb2 Rxb2 26. Rxb2 Qe3+ 27. Kb1 Nc3+ 0-1


[Site "https://www.chess.com"]

[Event "Titled Tuesday Blitz November 07 Late 2023"]
[White "Rasulov, Vugar"]
[Black "Bochnicka, Vladimir"]
[WhiteFideId "13402390"]
[BlackFideId "14943450"]
[WhiteElo "2945"]
[BlackElo "2439"]
[Result "1-0"]
[Round "6"]
[TimeControl "180+1"]
[Date "2023.11.07"]
[WhiteClock "0:00:16"]
[BlackClock "0:00:00"]
[Board "36"]

1. b3 e5 2. Bb2 Nc6 3. e3 Nf6 4. Bb5 Bd6 5. Na3 Be7 6. Nc4 e4 7. f3 O-O 8. fxe4 Nxe4 9. Nf3 d6 10. O-O Nb8 11. Na3 Nd7 12. Be2 Bf6 13. Nc4 d5 14. Nce5 Re8 15. d4 Bxe5 16. dxe5 Nf8 17. c4 Be6 18. Nd4 Qg5 19. Qc1 dxc4 20. Nxe6 Nxe6 21. Bxc4 Rad8 22. Bc3 Re7 23. Be2 Red7 24. Bf3 Nxc3 25. Qxc3 Rd3 26. Qa5 Qxe3+ 27. Kh1 c6 28. Bg4 R3d5 29. Qa3 Qxe5 30. Qe7 R5d7 31. Qh4 h6 32. Rae1 Qg5 33. Qxg5 hxg5 34. h3 Rd6 35. Re5 f6 36. Rxe6 Rxe6 37. Bxe6+ Kf8 38. Rf2 Rd1+ 39. Kh2 Ke7 40. Bg4 Ra1 41. Rd2 Ke8 42. Bf5 Kf7 43. Rd7+ Kf8 44. Rxb7 Rxa2 45. Bg6 a5 46. Rf7+ Kg8 47. Re7 1-0


[Site "https://www.chess.com"]

[Event "Titled Tuesday Blitz November 07 Late 2023"]
[White "Grigoriants, Sergey"]
[Black "Pinheiro, Iung Alicio de O."]
[WhiteFideId "4130804"]
[BlackFideId "2104350"]
[WhiteElo "2902"]
[BlackElo "2597"]
[Result "1-0"]
[Round "6"]
[TimeControl "180+1"]
[Date "2023.11.07"]
[WhiteClock "0:00:21"]
[BlackClock "0:00:22"]
[Board "37"]

1. d4 Nf6 2. c4 e6 3. Bf4 c5 4. d5 exd5 5. cxd5 d6 6. Nc3 Nh5 7. Bd2 g6 8. e4 Bg7 9. h3 O-O 10. Bd3 Na6 11. Nf3 Nb4 12. Bb1 c4 13. O-O Bd7 14. Bg5 Qb6 15. Qd2 Rfe8 16. Re1 Rac8 17. Be3 Qa6 18. Bd4 b5 19. Bxg7 Nxg7 20. a3 Nd3 21. Bxd3 cxd3 22. Qxd3 Qb6 23. Nd4 a6 24. Rad1 b4 25. Nce2 a5 26. Rc1 f5 27. f3 fxe4 28. fxe4 Rc5 29. Kh2 Rec8 30. axb4 axb4 31. Ra1 Nh5 32. Rf1 Qd8 33. Qf3 Qe7 34. Ra7 R5c7 35. Rxc7 Rxc7 36. Ng3 Ng7 37. Qf4 Rc8 38. Rf3 Rc4 39. Nge2 Rc8 40. g4 Re8 41. Ng3 Qe5 42. Qxe5 dxe5 43. Nc2 h5 44. gxh5 gxh5 45. Nf5 Bxf5 46. exf5 Kf7 47. Nxb4 Rb8 48. Nc6 Rxb2+ 49. Kg3 Kf6 50. d6 Rd2 51. Rc3 Nxf5+ 52. Kf3 Nxd6 53. Nb4 Ke6 54. Ke3 Rd4 55. Nd3 Nf5+ 56. Ke2 e4 57. Nf4+ Ke5 58. Nxh5 Ra4 59. Rc5+ Ke6 60. Nf4+ Kf6 61. Nd5+ Ke6 62. Nc3 Rb4 63. Rc6+ Ke5 64. Rc5+ Ke6 65. Rc6+ Kf7 66. Rc5 Nd4+ 67. Ke3 Nb3 68. Re5 Kf6 69. Re8 Nc5 70. Nd5+ Kf7 71. Re7+ Kf8 72. Rc7 Rc4 73. Nf4 Rc1 74. Rxc5 Rxc5 75. Ne6+ Kf7 76. Nxc5 Kg6 77. Nxe4 Kh5 78. Nf2 Kh4 79. Kf3 Kh5 80. Kg3 Kg6 81. h4 Kh6 82. Kh3 Kg6 83. Kg3 Kh6 84. Ne4 Kg6 85. Kg4 Kg7 86. h5 Kh6 87. Kh4 Kh7 88. Kg5 Kg7 89. Ng3 Kh7 90. Ne2 Kh8 91. Nc3 Kg8 92. Nb5 Kh7 93. h6 Kh8 94. Kg6 Kg8 95. Nd6 Kh8 96. Nf7+ Kg8 97. h7+ Kf8 98. h8=Q+ Ke7 99. Qd8+ Ke6 100. Qd6# 1-0


[Site "https://www.chess.com"]

[Event "Titled Tuesday Blitz November 07 Late 2023"]
[White "Sargsyan, Anna M."]
[Black "Chigaev, Maksim"]
[WhiteFideId "13308130"]
[BlackFideId "4108116"]
[WhiteElo "2596"]
[BlackElo "2899"]
[Result "1-0"]
[Round "6"]
[TimeControl "180+1"]
[Date "2023.11.07"]
[WhiteClock "0:00:44"]
[BlackClock "0:00:10"]
[Board "38"]

1. e4 c5 2. Nf3 e6 3. d4 cxd4 4. Nxd4 Nc6 5. Nc3 Qc7 6. Be3 a6 7. Qf3 h5 8. O-O-O Ne5 9. Qe2 b5 10. f4 Nc4 11. Ndxb5 axb5 12. Nxb5 Qc6 13. Qxc4 Qxc4 14. Bxc4 Ra4 15. b3 Rxc4 16. bxc4 Bb7 17. Nd6+ Bxd6 18. Rxd6 Bxe4 19. Kd2 Nf6 20. Rb1 O-O 21. Bd4 Rc8 22. Bxf6 gxf6 23. Rd4 f5 24. a4 Kf8 25. g3 Ke7 26. a5 f6 27. Ke3 e5 28. fxe5 fxe5 29. Rd2 Rxc4 30. Ra1 d5 31. a6 d4+ 32. Ke2 Ba8 33. a7 Ke6 34. Ra6+ Kd5 35. Kd1 h4 36. Rf2 hxg3 37. hxg3 Ke4 38. Re2+ Kf3 39. Rxe5 Kg4 40. Re8 Bf3+ 41. Kd2 1-0


[Site "https://www.chess.com"]

[Event "Titled Tuesday Blitz November 07 Late 2023"]
[White "Leitao, Rafael"]
[Black "Shapiro, Viktor"]
[WhiteFideId "2101246"]
[BlackFideId "4175700"]
[WhiteElo "2790"]
[BlackElo "2589"]
[Result "1-0"]
[Round "6"]
[TimeControl "180+1"]
[Date "2023.11.07"]
[WhiteClock "0:01:17"]
[BlackClock "0:00:33"]
[Board "39"]

1. c4 Nf6 2. Nc3 c5 3. g3 Nc6 4. Bg2 g6 5. Nf3 Bg7 6. O-O O-O 7. d4 cxd4 8. Nxd4 Ng4 9. e3 d6 10. b3 Bd7 11. Bb2 a6 12. Qd2 Nxd4 13. exd4 Rb8 14. Rac1 b5 15. c5 b4 16. Nd5 Bb5 17. Rfd1 a5 18. c6 Rc8 19. c7 Qd7 20. Nb6 Qf5 21. Nxc8 Rxc8 22. Bb7 Bh6 23. f4 Bd7 24. Bxc8 Bxc8 25. d5 e5 26. dxe6 Qxe6 27. Re1 Qd7 28. Qd4 f6 29. Qd5+ Kf8 30. Qc6 Qxc6 31. Rxc6 1-0


[Site "https://www.chess.com"]

[Event "Titled Tuesday Blitz November 07 Late 2023"]
[White "Bordi, Kevin"]
[Black "Gontcharov, Vladislav"]
[WhiteFideId "621862"]
[BlackFideId "4123492"]
[WhiteElo "2783"]
[BlackElo "2576"]
[Result "0-1"]
[Round "6"]
[TimeControl "180+1"]
[Date "2023.11.07"]
[WhiteClock "0:02:36"]
[BlackClock "0:01:41"]
[Board "40"]

1. d4 Nf6 2. Bg5 e6 3. e4 h6 4. Bxf6 Qxf6 5. c3 Qd8 6. f4 d5 7. e5 c5 8. Nf3 Qb6 9. Qb3 Bd7 10. Nbd2 Nc6 11. Be2 cxd4 12. Qxb6 axb6 13. Nxd4 Nxd4 14. cxd4 Bb4 15. a3 Ke7 16. O-O-O Rhc8+ 17. Kb1 Ba4 18. axb4 Bc2+ 19. Kc1 Ra1+ 20. Nb1 Rxb1+ 21. Kd2 Bxd1 22. Bxd1 Rxb2+ 23. Ke3 Rxb4 24. Kd3 Rb1 25. Re1 Rcc1 26. Kd2 b5 27. g4 b4 28. h4 b3 29. f5 b2 0-1


[Site "https://www.chess.com"]

[Event "Titled Tuesday Blitz November 07 Late 2023"]
[White "Gimenez Aguirre, Alejo Ismael"]
[Black "Hambleton, Aman"]
[WhiteFideId "32041667"]
[BlackFideId "2606577"]
[WhiteElo "2576"]
[BlackElo "2743"]
[Result "0-1"]
[Round "6"]
[TimeControl "180+1"]
[Date "2023.11.07"]
[WhiteClock "0:00:12"]
[BlackClock "0:00:03"]
[Board "41"]

1. e4 c5 2. Nf3 e6 3. d4 cxd4 4. Nxd4 Nc6 5. Nxc6 bxc6 6. Bd3 d5 7. O-O Bd6 8. c4 Nf6 9. exd5 cxd5 10. cxd5 Nxd5 11. Be4 Bxh2+ 12. Kxh2 Qh4+ 13. Kg1 Qxe4 14. Re1 Qc4 15. Nd2 Qd3 16. Qg4 O-O 17. Nf3 Qg6 18. Qh4 f6 19. b3 e5 20. Ba3 Re8 21. Rad1 Be6 22. Nh2 Rac8 23. Rd3 Nf4 24. Rg3 Qh5 25. Qxf6 Ng6 26. Qf3 Qxf3 27. Nxf3 Bd5 28. Re2 e4 29. Nd4 Nf4 30. Rd2 Rc7 31. Kh2 Nd3 32. Nf5 Re5 33. Bd6 Rxf5 34. Bxc7 Nxf2 35. Kg1 Nd3 36. Ba5 h5 37. Bc3 g5 38. Bd4 a6 39. Be3 g4 40. Rc2 Be6 41. Bd4 Rd5 42. Ba1 Nf4 43. Re3 Bf5 44. Rc8+ Kf7 45. Rc7+ Ke6 46. Rec3 Ne2+ 47. Kf2 Nxc3 48. Bxc3 Rd3 49. Rc6+ Kd5 50. Rc4 g3+ 51. Ke2 Bg4+ 52. Ke1 Rd1# 0-1


[Site "https://www.chess.com"]

[Event "Titled Tuesday Blitz November 07 Late 2023"]
[White "Goltsev, Dmitry"]
[Black "Streltsov, Alexey"]
[WhiteFideId "24176710"]
[BlackFideId "24104434"]
[WhiteElo "2734"]
[BlackElo "2569"]
[Result "1-0"]
[Round "6"]
[TimeControl "180+1"]
[Date "2023.11.07"]
[WhiteClock "0:00:11"]
[BlackClock "0:00:09"]
[Board "42"]

1. e4 c6 2. d4 d5 3. Nc3 dxe4 4. Nxe4 Nf6 5. Ng3 h5 6. h4 Bg4 7. Be2 Nbd7 8. Nf3 Qc7 9. c3 O-O-O 10. Ng5 Be6 11. Nxe6 fxe6 12. Be3 e5 13. Qa4 exd4 14. Bxd4 c5 15. Bxf6 exf6 16. Qxa7 Bd6 17. O-O-O Bxg3 18. fxg3 Ne5 19. Rxd8+ Rxd8 20. Qa8+ Qb8 21. Qxb8+ Kxb8 22. Bxh5 Rd3 23. g4 g6 24. Bxg6 Nxg6 25. h5 Nf8 26. Re1 Kc7 27. Re7+ Rd7 28. Re8 Nh7 29. a4 Rg7 30. h6 Rf7 31. Kc2 Ng5 32. Rg8 Rh7 33. Rg7+ Kc6 34. Rg6 Ne4 35. Kd3 Kd5 36. b3 Ke5 37. Rg7 Ng5 38. Rxh7 Nxh7 39. b4 Kd5 40. b5 b6 41. c4+ Ke5 42. Ke3 Ng5 43. g3 Nh7 44. Kd3 Ng5 45. Kc3 Kd6 46. Kd3 Ke6 47. Kc3 Kd6 48. Kb3 Nh7 49. a5 bxa5 50. Ka4 Kc7 51. Kxa5 Ng5 52. b6+ Kb7 53. Kb5 Ne4 54. h7 Nxg3 55. h8=Q Ne4 56. Qg7+ 1-0


[Site "https://www.chess.com"]

[Event "Titled Tuesday Blitz November 07 Late 2023"]
[White "Rosen, Eric"]
[Black "Toncheva, Nadya"]
[WhiteFideId "2032562"]
[BlackFideId "2924056"]
[WhiteElo "2732"]
[BlackElo "2566"]
[Result "1-0"]
[Round "6"]
[TimeControl "180+1"]
[Date "2023.11.07"]
[WhiteClock "0:00:20"]
[BlackClock "0:00:00"]
[Board "43"]

1. e4 c5 2. Nc3 Nc6 3. Bb5 Nd4 4. Nf3 a6 5. Bd3 Nc6 6. Be2 e6 7. d4 cxd4 8. Nxd4 Qc7 9. O-O Nf6 10. Be3 Be7 11. f4 d6 12. Qe1 O-O 13. Qg3 Re8 14. Rad1 Bf8 15. Kh1 d5 16. e5 Ne4 17. Nxe4 dxe4 18. c3 b5 19. h4 Bb7 20. h5 Kh8 21. Qh4 Be7 22. Qh2 Red8 23. g4 Nxd4 24. cxd4 Rac8 25. f5 Bd5 26. Qf4 h6 27. f6 Bf8 28. g5 gxf6 29. gxf6 Qc2 30. Rd2 Qa4 31. Rg1 Rc2 32. Qg3 1-0


[Site "https://www.chess.com"]

[Event "Titled Tuesday Blitz November 07 Late 2023"]
[White "Martinez Ramirez, Lennis"]
[Black "Koziorowicz, Michal"]
[WhiteFideId "3509079"]
[BlackFideId "21809194"]
[WhiteElo "2712"]
[BlackElo "2565"]
[Result "0-1"]
[Round "6"]
[TimeControl "180+1"]
[Date "2023.11.07"]
[WhiteClock "0:00:10"]
[BlackClock "0:00:16"]
[Board "44"]

1. b3 e5 2. Bb2 Nc6 3. e3 d5 4. Bb5 Bd6 5. f4 Qe7 6. fxe5 Bxe5 7. Bxe5 Qxe5 8. Nc3 Nf6 9. Nf3 Qd6 10. O-O O-O 11. Qe1 d4 12. exd4 Nxd4 13. Nxd4 Qxd4+ 14. Qf2 Qxf2+ 15. Rxf2 Be6 16. Bc4 Bxc4 17. bxc4 Rfe8 18. h3 Rad8 19. d3 c6 20. a4 Nd7 21. a5 Nc5 22. Rb1 Re5 23. g4 f6 24. Kg2 h5 25. gxh5 Rxh5 26. Re1 Kf7 27. Rfe2 Rd7 28. Re8 Rg5+ 29. Kh2 Rf5 30. Kg3 Nxd3 31. cxd3 Rxd3+ 32. R8e3 Rxe3+ 33. Rxe3 Rxa5 34. Ne4 b5 35. Nd6+ Kg6 36. Re7 Ra3+ 37. Kg4 Ra4 38. h4 bxc4 39. h5+ Kh7 40. Nf5 c3+ 41. Kf3 Ra5 42. Kg4 c2 43. Re1 Rc5 44. Rc1 a5 45. Ne3 Rc3 46. Kf4 a4 47. Ke4 c5 48. Nd5 Rc4+ 49. Ke3 a3 50. Nb6 Rb4 51. Nd5 Rb2 52. Kd2 a2 53. Nc3 Kh6 54. Ra1 Rb1 55. Rxa2 c1=Q+ 56. Kd3 Rb3 57. Rc2 Rxc3+ 58. Rxc3 Qd1+ 59. Kc4 Qd4+ 60. Kb3 Kxh5 61. Kb2 g5 62. Kc2 Qxc3+ 63. Kxc3 g4 64. Kd3 g3 65. Ke2 Kg4 66. Kf1 f5 67. Kg1 f4 68. Kf1 f3 69. Kg1 c4 70. Kf1 c3 71. Ke1 g2 72. Kf2 c2 73. Kg1 c1=Q+ 74. Kh2 g1=Q# 0-1


[Site "https://www.chess.com"]

[Event "Titled Tuesday Blitz November 07 Late 2023"]
[White "Pakleza, Zbigniew"]
[Black "a-z30"]
[WhiteFideId "1119290"]
[WhiteElo "2708"]
[BlackElo "2538"]
[Result "1-0"]
[Round "6"]
[TimeControl "180+1"]
[Date "2023.11.07"]
[WhiteClock "0:00:34"]
[BlackClock "0:00:00"]
[Board "45"]

1. d4 Nf6 2. Nf3 e6 3. Bf4 Bd6 4. Bxd6 cxd6 5. e3 d5 6. Nbd2 Nc6 7. Be2 O-O 8. O-O a6 9. c4 dxc4 10. Nxc4 b5 11. Nce5 Bb7 12. a4 d6 13. Nd3 bxa4 14. Qxa4 a5 15. Rfc1 Qb6 16. Nd2 Rfc8 17. Nc4 Qd8 18. Qa3 Nb4 19. Nxb4 axb4 20. Qxb4 Rxa1 21. Rxa1 d5 22. Nd6 Ra8 23. Rc1 Bc8 24. h3 Bd7 25. Qc5 Rb8 26. b4 Ne8 27. b5 Nxd6 28. Qxd6 g6 29. Rc7 Be8 30. Qxd8 Rxd8 31. b6 Rb8 32. b7 Kf8 33. Ba6 Ba4 34. Rc8+ 1-0


[Site "https://www.chess.com"]